 Dungeon Crawl Stone Soup version 0.27.1-33-g824d729ab1 (webtiles) character file.

Game seed: 13747098289249308091

33762 Latro the Grappler (level 13, -14/133 HPs)
             Began as a Troll Monk on Dec 5, 2021.
             Was a High Priest of Qazlal.
             Demolished by Agnes (29 damage)
             ... on level 2 of the Elven Halls.
             The game lasted 01:24:51 (11896 turns).

Latro the Grappler (Troll Monk)                    Turns: 11896, Time: 01:24:52

Health: -14/133    AC: 13    Str: 22    XL:     13   Next: 38%
Magic:  12/12      EV: 18    Int:  6    God:    Qazlal [*****.]
Gold:   1295       SH:  7    Dex: 22    Spells: 12/12 levels left

rFire    . . .     SeeInvis .     - Unarmed
rCold    . . .     Faith    .   (no shield)
rNeg     . . .     Spirit   .   s - +0 troll leather armour
rPois    .         Reflect  .   (helmet restricted)
rElec    .         Harm     .   (no cloak)
rCorr    .         Rampage  .   (gloves unavailable)
Will     .....                  (boots unavailable)
Stlth    +.........             k - amulet of regeneration
HPRegen  3.32/turn              p - +4 ring of protection
MPRegen  0.13/turn              u - +6 ring of dexterity

@: protected from physical damage, repel missiles
A: large, unfitting armour, claws 3, regeneration 1, shaggy fur 1, tough skin 1
a: Renounce Religion, Upheaval, Elemental Force, Disaster Area


You were on level 2 of the Elven Halls.
You worshipped Qazlal.
Qazlal was extremely pleased with you.
You visited 4 branches of the dungeon, and saw 15 of its levels.

You collected 1369 gold pieces.
You spent 74 gold pieces at shops.

Inventory:

Hand Weapons
 a - a +0 dagger
 J - a +0 trident
 L - a +2 short sword of holy wrath
 Q - the +4 war axe of the Unspeakable One {speed, Contam rPois Will- Stlth+}
   (You took it off a deep elf pyromancer on level 1 of the Elven Halls)

   Attacks with this weapon are significantly faster.
   rPois:     It protects you from poison.
   Contam:    It causes magical contamination when unequipped.
   Will:      It decreases your willpower.
   Stlth:     It makes you more stealthy.
Missiles
 c - 59 poisoned darts (quivered)
 F - a throwing net
Armour
 s - a +0 troll leather armour (worn)
 G - +0 steam dragon scales
 K - a +1 robe of fire resistance
Jewellery
 k - an amulet of regeneration (around neck)
 p - a +4 ring of protection (left claw)
 u - a +6 ring of dexterity (right claw)
 x - a +4 ring of protection
 H - a +6 ring of strength
 N - an amulet of guardian spirit
 P - a ring of wizardry
Wands
 n - a wand of flame (14)
 w - a wand of digging (7)
 y - a wand of iceblast (9)
 M - a wand of mindburst (11)
 R - a wand of polymorph (10)
Scrolls
 d - 3 scrolls of amnesia
 e - 5 scrolls of identify
 l - 4 scrolls of fog
 m - 3 scrolls of noise
 v - 2 scrolls of fear
 A - 3 scrolls of vulnerability
 C - a scroll of magic mapping {unknown}
 E - 2 scrolls of teleportation
 O - a scroll of brand weapon {unknown}
Potions
 b - 3 potions of might {unknown}
 f - a potion of haste {unknown}
 g - 3 potions of brilliance
 h - 4 potions of curing
 i - 2 potions of lignification {unknown}
 j - 2 potions of magic {unknown}
 o - a potion of attraction {unknown}
 q - 2 potions of heal wounds
 t - a potion of berserk rage {unknown}
 z - 2 potions of degeneration {unknown}
 B - a potion of resistance {unknown}
 D - 3 potions of cancellation {unknown}
 I - a potion of invisibility {unknown}
Miscellaneous
 r - a phantom mirror


   Skills:
 + Level 10.1 Fighting
 - Level 0.7 Throwing
 * Level 12.0 Dodging
 - Level 1.2 Stealth
 * Level 14.1 Unarmed Combat


You had 12 spell levels left.
You didn't know any spells.
Your spell library contained the following spells:

 Spells                   Type           Power      Damage    Failure   Level
 Gell's Gravitas          Tloc           0%         N/A       86%         3
 Lesser Beckoning         Tloc           0%         N/A       86%         3
 Teleport Other           Tloc           0%         N/A       86%         3
 Iskenderun's Mystic Bla  Conj/Tloc      0%         2d3       99%         4
 Olgreb's Toxic Radiance  Pois           0%         N/A       99%         4
 Bolt of Magma            Conj/Fire/Erth 0%         4d4       100%        5
 Ozocubu's Refrigeration  Ice            0%         4d5       100%        7
 Ignition                 Fire           0%         3d3       100%        8


Dungeon Overview and Level Annotations

Branches:
Dungeon (10/15)            Temple (1/1) D:5             Orc (2/2) D:10
    Elf (2/3) Orc:2
   Lair: D:8-11

Altars:
Ashenzari
Cheibriados
Fedhas
Gozag
Hepliaklqana
Kikubaaqudgha
Makhleb
Nemelex Xobeh
Okawaru
Qazlal
Ru
Trog
Vehumet
Wu Jian
Xom
Yredelemnul
Zin
Beogh

Shops:
D:3 !   Orc:2 :[*=   Elf:1 *

Annotations:
Elf:2 Agnes


Innate Abilities, Weirdness & Mutations

You are too large for most types of armour.
You have claws for hands.
Your natural rate of healing is unusually fast.
You are covered in fur. (AC +1)
You have tough skin. (AC +1)


Message History

Agnes is struck by lightning.
A deep elf knight comes into view.
Agnes hits you with a +1 lajatang of electrocution!!
You scratch Agnes. Your claw misses Agnes.
Agnes is moderately wounded.
You block Agnes's attack.
The deep elf knight casts a spell.
The deep elf knight seems to speed up.
You barely miss Agnes.
Agnes is lightly wounded.
Agnes hits you with a +1 lajatang of electrocution!
You feel more protected from physical attacks.
You are electrocuted!
The deep elf knight wields a +0 shortbow.
The deep elf knight shoots an arrow.
The arrow hits you!
You feel much better. Agnes misses you. x2
The deep elf knight shoots an arrow.
The arrow misses you.
You hear a shout!
You block Agnes's attack.
Agnes hits you with a +1 lajatang of electrocution.
Your resistance to physical damage fades away.
You feel protected from electricity.
You are electrocuted!
Agnes is engulfed in freezing vapours.
Agnes hits you with a +1 lajatang of electrocution!!
Your resistance to electricity fades away.
You feel protected from physical attacks.
You are electrocuted!!
* * * LOW HITPOINT WARNING * * *
You hear a shout! x2
Agnes hits you with a +1 lajatang of electrocution!
* * * LOW HITPOINT WARNING * * *
You feel more protected from physical attacks.
The deep elf knight gestures wildly while chanting.
The deep elf knight flickers and vanishes!
As you read the scroll of identify, it crumbles to dust.
A - 3 scrolls of vulnerability You hear a shout!
Agnes hits you with a +1 lajatang of electrocution!!
You die...

##.....<
##'.....
##.##....
##.#####+#
##.##
########.##
##..☼..#'##
##.§.....##
##°○@......##
#.☼.i§....).#
#.....§..!..#
#.○.......[.+
#°°.........#
#........[..#
##..{......##
##.......+#
##.....##


You could see Agnes.

Vanquished Creatures
  An ettin (Orc:1)
  A two-headed ogre (D:9)
  7 dancing weapons
  A deep elf knight (Elf:1)
  3 orc high priests (Orc:2)
  9 deep elf zephyrmancers
  A deep elf archer (Elf:1)
  16 deep elf pyromancers
  5 orc knights
  3 orc sorcerers (Orc:2)
  A cyclops (Orc:2)
  A smoke demon (D:5)
  A hellwing (D:7)
  4 trolls
  2 air elementals (Elf:1)
  A wraith (D:6)
  A water elemental (Elf:1)
  A fire elemental (Elf:1)
  Grum (D:8)
  2 yaks
  2 steam dragons
  A warg (Orc:2)
  An acid dragon (D:9)
  5 water moccasins
  2 ice beasts
  31 orc warriors
  3 sky beasts
  4 black bears
  2 necrophages
  6 ogres
  3 wolves (D:8)
  A centaur (D:8)
  3 phantoms
  A kobold brigand (D:8)
  2 bullfrogs (D:6)
  2 gnoll sergeants
  7 scorpions
  An earth elemental (Elf:1)
  4 wights (D:9)
  A howler monkey (D:6)
  An electric eel (D:7)
  7 crimson imps (D:7)
  4 centaur zombies
  A bullfrog skeleton (D:5)
  2 gnoll shamans
  26 orc priests
  6 hounds
  2 jellies
  A centaur skeleton (D:6)
  5 iguanas
  24 orc wizards
  A killer bee zombie (D:6)
  A hound zombie (D:5)
  A hound skeleton (D:4)
  Robin (D:4)
  10 gnolls
  12 adders
  3 shadow imps
  3 white imps
  2 ufetubi (D:4)
  A worm (D:4)
  A dart slug (D:2)
  90 orcs
  6 endoplasms
  5 giant cockroaches
  13 goblins
  8 hobgoblins
  3 jackals (D:5)
  3 kobolds
  3 quokkas
  4 ball pythons
  5 bats
  3 frilled lizards (D:1)
  6 rats
408 creatures vanquished.

Vanquished Creatures (others)
  A deep elf knight (Elf:1)
  A fire elemental (Elf:1)
  A scorpion (D:5)
  A plant (D:6)
4 creatures vanquished.

Grand Total: 412 creatures vanquished

Notes
Turn   | Place    | Note
-------+----------+-------------------------------------------
     0 | D:1      | Latro the Troll Monk began the quest for the Orb.
     0 | D:1      | Reached XP level 1. HP: 22/22 MP: 0/0
   124 | D:1      | Found a faded altar of an unknown god.
   135 | D:1      | Became a worshipper of Makhleb the Destroyer
   135 | D:1      | Reached * piety under Makhleb
   135 | D:1      | Reached ** piety under Makhleb
   166 | D:1      | Reached XP level 2. HP: 29/29 MP: 1/1
   287 | D:1      | Reached *** piety under Makhleb
   758 | D:2      | Reached XP level 3. HP: 30/36 MP: 2/2
  1189 | D:2      | Reached XP level 4. HP: 44/44 MP: 3/3
  1421 | D:3      | Found a shimmering altar of Xom.
  1448 | D:3      | Found a broken altar of Ashenzari.
  1533 | D:3      | Found Axzoj's Distillery.
  2096 | D:3      | Found a hazy altar of Hepliaklqana.
  2469 | D:4      | Reached skill level 4 in Unarmed Combat
  2517 | D:4      | Noticed a scorpion
  2525 | D:4      | Reached XP level 5. HP: 53/53 MP: 4/4
  2627 | D:4      | Reached XP level 6. HP: 61/61 MP: 5/5
  2686 | D:4      | Noticed Robin
  2689 | D:4      | Reached **** piety under Makhleb
  2699 | D:4      | Killed Robin
  3202 | D:5      | Entered Level 5 of the Dungeon
  3202 | D:5      | Found a staircase to the Ecumenical Temple.
  3220 | Temple   | Entered the Ecumenical Temple
  3313 | Temple   | Fell from the grace of Makhleb
  3313 | Temple   | Became a worshipper of Qazlal Stormbringer
  3414 | D:5      | Reached skill level 5 in Unarmed Combat
  3519 | D:5      | Reached XP level 7. HP: 29/70 MP: 6/6
  3753 | D:5      | Got the Almanac of Fiery Dislocation
  3770 | D:5      | Noticed a smoke demon
  3783 | D:5      | Killed a smoke demon
  3908 | D:5      | Reached skill level 6 in Unarmed Combat
  4008 | D:6      | Reached XP level 8. HP: 77/79 MP: 7/7
  4010 | D:6      | Reached * piety under Qazlal
  4089 | D:6      | Reached skill level 5 in Fighting
  4101 | D:6      | Reached skill level 5 in Dodging
  4245 | D:6      | Reached skill level 7 in Unarmed Combat
  4435 | D:6      | Reached XP level 9. HP: 89/89 MP: 8/8
  4656 | D:6      | Found a blossoming altar of Fedhas.
  4777 | D:6      | Reached skill level 8 in Unarmed Combat
  5143 | D:7      | Reached ** piety under Qazlal
  5481 | D:7      | Noticed a hellwing
  5481 | D:7      | Noticed a hellwing
  5600 | D:7      | Killed a hellwing
  5956 | D:7      | Reached XP level 10. HP: 102/102 MP: 9/9
  6144 | D:8      | Reached skill level 9 in Unarmed Combat
  6344 | D:8      | Noticed Grum
  6369 | D:8      | Killed Grum
  6429 | D:8      | Reached *** piety under Qazlal
  6561 | D:8      | Identified the +1 ring mail of Gypnoreo {Dex+2}
  6956 | D:8      | Was forgiven by Makhleb
  7464 | D:9      | Reached skill level 10 in Unarmed Combat
  7464 | D:9      | Noticed a two-headed ogre
  7473 | D:9      | Killed a two-headed ogre
  7601 | D:9      | Found a burning altar of Makhleb.
  7601 | D:9      | Found an ornate altar of the Wu Jian Council.
  7992 | D:10     | Entered Level 10 of the Dungeon
  8012 | D:10     | Reached **** piety under Qazlal
  8175 | D:10     | Reached XP level 11. HP: 106/111 MP: 10/10
  8184 | D:10     | Found a staircase to the Orcish Mines.
  8224 | Orc:1    | Entered Level 1 of the Orcish Mines
  8346 | Orc:2    | Entered Level 2 of the Orcish Mines
  8427 | Orc:2    | Reached ***** piety under Qazlal
  8752 | Orc:2    | Reached skill level 11 in Unarmed Combat
  8825 | Orc:2    | Noticed an orc knight
  8908 | Orc:1    | Noticed an ettin
  8935 | Orc:1    | Killed an ettin
  9278 | Orc:1    | Killed an orc knight
  9520 | Orc:2    | Noticed an orc knight
  9576 | Orc:2    | Killed an orc knight
  9673 | Orc:2    | Found a staircase to the Elven Halls.
  9766 | Orc:2    | Noticed an orc sorcerer
  9766 | Orc:2    | Noticed an orc sorcerer
  9766 | Orc:2    | Noticed an orc knight
  9769 | Orc:2    | Noticed an orc high priest
  9773 | Orc:2    | Noticed a sun demon
  9774 | Orc:2    | Killed an orc sorcerer
  9775 | Orc:2    | Reached skill level 10 in Dodging
  9781 | Orc:2    | Noticed a soul eater
  9814 | Orc:2    | Killed an orc knight
  9828 | Orc:2    | Noticed a sun demon
  9839 | Orc:2    | Killed an orc high priest
  9840 | Orc:2    | Reached skill level 12 in Unarmed Combat
  9846 | Orc:2    | Killed an orc sorcerer
  9847 | Orc:2    | Reached XP level 12. HP: 113/123 MP: 11/11
  9909 | Orc:2    | Noticed an orc high priest
  9912 | Orc:2    | Noticed an orc high priest
  9996 | Orc:2    | Killed an orc high priest
 10003 | Orc:2    | Killed an orc high priest
 10212 | Orc:2    | Found Jaodonuvicw's Assorted Antiques.
 10212 | Orc:2    | Found Ileuw's Jewellery Emporium.
 10214 | Orc:2    | Found Bawisyb's Book Boutique.
 10214 | Orc:2    | Found Uhomomm's Antique Armour Emporium.
 10394 | Elf:1    | Entered Level 1 of the Elven Halls
 10499 | Elf:1    | Reached skill level 13 in Unarmed Combat
 10777 | Elf:1    | Paralysed by an air elemental for 1 turns
 10882 | Elf:1    | Found Lirghicwa's Assorted Antiques.
 10895 | Elf:1    | Bought a scroll of identify for 74 gold pieces
 10939 | Elf:1    | Paralysed by an air elemental for 1 turns
 10953 | Elf:1    | Paralysed by an air elemental for 1 turns
 10967 | Elf:1    | Reached XP level 13. HP: 129/133 MP: 12/12
 10994 | Elf:1    | Reached skill level 10 in Fighting
 11153 | Elf:1    | Identified the +4 war axe of the Unspeakable One {speed,
                  | Contam rPois Will- Stlth+}
 11731 | Elf:2    | Reached skill level 14 in Unarmed Combat
 11884 | Elf:2    | Noticed Agnes
 11896 | Elf:2    | Demolished by Agnes

Illustrated notes

Levels and vault maps discovered:
D:1:      wander_arrival_lonely_grave, layout_basic, basic_ecumenical_altar,
          minmay_misc_feat_five
D:2:      layout_loops_cross
D:3:      layout_loops_corners, cheibrodos_ashenzari_chains,
          nicolae_hepliaklqana_hippocampus, mainiacjoe_overflow_small_starburst,
          serial_shops, shop, feat_on_display
D:4:      layout_loops_cross, uniq_robin
D:5:      layout_basic, minmay_temple_entry_statues_fountains
D:6:      cheibrodos_barr_body, layout_basic, fedhas_ov_isle_minmay,
          chequers_serial_rivers_small_b
D:7:      layout_basic, grunt_ministairs_1, fountainhead, minmay_nine_imps
D:8:      layout_loops_ring, special_room [special_room_orc],
          amcnicky_mini_pool_small, minmay_checkerbox, uniq_grum
D:9:      layout_loops_ring, gammafunk_temple_overflow_elements,
          wad_rectangle_vault
D:10:     layout_roguey, david_lair_shrubbed, david_orc_2, uniq_sonja
Temple:   nicolae_temple_elliptical
Orc:1:    layout_caves, serial_shops, nicolae_square_shop, mines2_david
Orc:2:    grunt_orc_tribal_feast, layout_diamond_mine
Elf:1:    minmay_elf_arrival_summoners, layout_gridlike, serial_shops,
          nicolae_square_shop, minivault_28
Elf:2:    nicolae_elf_blades_crystal_corner, layout_geoelf_octagon,
          minivault_16, uniq_agnes

Skill      XL: |  1  2  3  4  5  6  7  8  9 10 11 12 13 |
---------------+----------------------------------------+-----
Dodging        | 3 4 6 7 8 10 11 12 | 12.0
Fighting       | 3 4 6 7 8 9 10 | 10.1
Unarmed Combat | 4 5 6 7 8 10 12 13 14 | 14.1
Throwing       | |  0.7
Stealth        | |  1.2

Action                   |  1- 3 |  4- 6 |  7- 9 | 10-12 | 13-15 || total
-------------------------+-------+-------+-------+-------+-------++-------
Melee: Unarmed           |    72 |   138 |   390 |   667 |    82 ||  1349
       Punch             |     1 |     1 |    19 |    47 |     6 ||    74
Throw: Dart              |     2 |       |       |       |       ||     2
Invok: Minor Destruction |     5 |       |       |       |       ||     5
       Upheaval          |       |       |     1 |       |       ||     1
  Use: Scroll            |       |     4 |     3 |     3 |     1 ||    11
       Potion            |       |       |       |     3 |     1 ||     4
 Stab: Sleeping          |     1 |     2 |       |       |       ||     3
Armor: Robe              |    23 |    35 |       |       |       ||    58
       Animal skin       |       |    17 |   159 |     4 |       ||   180
       Steam dragon scal |       |       |       |    71 |       ||    71
       Troll leather arm |       |       |       |    86 |     9 ||    95
Dodge: Dodged            |    28 |    53 |   296 |   484 |    37 ||   898
       Repelled          |       |       |       |     9 |     1 ||    10
Block: Other             |       |       |    25 |   182 |    16 ||   223
